 Dungeon Crawl Stone Soup version 0.29-a0-541-gaf1fc19f1b (webtiles) character file.

Game seed: 13276089453724280387

95 porpoise the Shooter (level 4, -6/28 HPs)
             Began as a Tengu Hunter on June 3, 2022.
             Blown up by Ijyb (16 damage)
             ... with a mindburst bolt
             ... on level 3 of the Dungeon.
             The game lasted 00:05:11 (2281 turns).

porpoise the Shooter (Tengu Hunter)                 Turns: 2281, Time: 00:05:11

Health: -6/28      AC:  7    Str: 12    XL:     4   Next: 66%
Magic:  5/5        EV: 11    Int:  9    God:
Gold:   245        SH:  0    Dex: 19    Spells: 3/3 levels left

rFire   . . .      SeeInvis .   a - +1 shortbow
rCold   . . .      Faith    .   (shield currently unavailable)
rNeg    . . .      Spirit   .   q - +0 ring mail
rPois   .          Reflect  .   (helmet restricted)
rElec   .          Harm     .   p - scarf {repulsion}
rCorr   .          Rampage  .   (no gloves)
Will    .....                   (boots unavailable)
Stlth   ++........              (no amulet)
HPRegen 0.09/turn               (no ring)
MPRegen 0.09/turn               (no ring)

@: brilliant, invisible, repel missiles
A: beak, talons 3, iridescent scales 1
a: no special abilities


You were on level 3 of the Dungeon.
You visited 1 branch of the dungeon, and saw 3 of its levels.

You collected 245 gold pieces.

Inventory:

Hand Weapons
 a - a +1 shortbow (weapon)
 b - a +1 whip of electrocution
Missiles
 r - 2 poisoned darts
 s - a boomerang
Armour
 p - a scarf of repulsion (worn)
 q - a +0 ring mail (worn)
Scrolls
 c - a scroll of immolation
 g - 2 scrolls of poison {unknown}
 h - 2 scrolls of teleportation {unknown}
 i - 2 scrolls of magic mapping {unknown}
 j - a scroll of enchant weapon {unknown}
 k - a scroll of brand weapon {unknown}
 n - a scroll of identify {unknown}
 o - a scroll of blinking {unknown}
 u - 3 scrolls of vulnerability {unknown}
Potions
 d - a potion of attraction {unknown}
 e - a potion of flight {unknown}
 f - a potion of mutation
 l - a potion of curing {unknown}
 m - a potion of heal wounds {unknown}


   Skills:
 * Level 3.3 Fighting
 * Level 5.3 Bows
 - Level 2.1 Dodging
 + Level 2.1 Stealth


You had 3 spell levels left.
You didn't know any spells.
Your spell library contained the following spells:

 Spells                   Type           Power      Damage    Failure   Level
 Slow                     Hex            0%         N/A       67%         1
 Confusing Touch          Hex            0%         N/A       95%         3
 Vampiric Draining        Necr           0%         2d6       95%         3


Dungeon Overview and Level Annotations

Branches:
Dungeon (3/15)

Altars:

Annotations:
D:3 Ijyb


Innate Abilities, Weirdness & Mutations

You have a beak for a mouth.
You have claws for feet.
You are partially covered in iridescent scales. (AC +2)


Message History

u - 2 scrolls labelled ROCWURE ZUEL (gained 1)
u - 3 scrolls labelled ROCWURE ZUEL (gained 1)
You now have 210 gold pieces (gained 8).
Found 27 stones.
You now have 228 gold pieces (gained 18).
You now have 245 gold pieces (gained 17).
v - a lumpy yellow potion You see here 27 stones.
A dart slug comes into view.
You shoot an arrow. The arrow hits the dart slug.
The dart slug is moderately wounded.
You shoot an arrow. The arrow hits the dart slug!
You kill the dart slug!
No target in view!
No target in view!
h - 2 scrolls labelled OJUUDE GYULL (gained 1) Ijyb the Twisted Goblin comes into view.
She is wielding a +0 dagger and carrying a wand of mindburst (6).
You shoot an arrow. The arrow hits Ijyb but does no damage.
Ijyb shouts!
Ijyb zaps a wand.
Your mind is blasted!
Ouch! That really hurt!
You are too injured to fight recklessly!
You are too injured to fight recklessly!
It was a potion of mutation.
You feel extremely strange.
Iridescent scales grow over part of your body.
It was a potion of brilliance.
You feel clever all of a sudden.
It was a potion of invisibility.
You fade into invisibility!
Ijyb hits you with a +0 dagger.
Ijyb zaps a wand.
You are too injured to fight recklessly!
You are too injured to fight recklessly!
Shoot: a) +1 shortbow
Press: ? - help, Q - select action, (/) - cycle Shift-Dir - straight line, f/p - Ijyb
Aim: Ijyb, wielding a +0 dagger, wearing a +0 ring mail and carrying a wand of mindburst (4) (can't see you, 62% to hit)
You shoot an arrow. The arrow closely misses Ijyb.
Ijyb zaps a wand.
Your mind is blasted!
Ouch! That really hurt!
You die...

...# ## #..#
#..###
#.##..#
#..#..
......#
#..#.#
......#
#..#.#
....>.)
#..#.#
....#..
#..#g####.#
.. #.#
#.........#
#.#
#..@.....$#
...
##.##.####..
...# #.....#
.##.#
#..#### #.
#.. #..# ###
#..# #
###.###
#.....#
#.....#


You could see Ijyb (can't see you).

Vanquished Creatures
  A gnoll (D:1)
  2 adders
  A worm (D:2)
  4 dart slugs
  4 orcs (D:3)
  4 ball pythons
  3 endoplasms
  7 hobgoblins
  8 jackals
  3 quokkas
  A bat (D:1)
  A frilled lizard (D:2)
  3 goblins
  A kobold (D:3)
  5 rats
48 creatures vanquished.

Notes
Turn   | Place    | Note
-------+----------+-------------------------------------------
     0 | D:1      | porpoise the Tengu Hunter began the quest for the Orb.
     0 | D:1      | Reached XP level 1. HP: 12/12 MP: 2/2
   265 | D:1      | Reached XP level 2. HP: 17/17 MP: 3/3
   649 | D:1      | Reached XP level 3. HP: 22/22 MP: 4/4
  1063 | D:2      | Reached skill level 5 in Bows
  1547 | D:2      | Reached XP level 4. HP: 28/28 MP: 5/5
  2203 | D:3      | Found a faded altar of an unknown god.
  2273 | D:3      | Noticed Ijyb
  2276 | D:3      | Gained mutation: You are partially covered in iridescent
                  | scales. (AC +2) [potion of mutation]
  2281 | D:3      | Blown up by Ijyb

Illustrated notes

Levels and vault maps discovered:
D:1:      dpeg_arrival_three_smaller_balls, layout_loops_corners
D:2:      layout_basic, dreamdust_wishing_well, minmay_quadrilaterals
D:3:      minmay_bubble_buster, layout_loops_ring,
          hellmonk_ecumenical_altar_slurped_away, uniq_ijyb

Skill      XL: |  1  2  3  4 |
---------------+-------------+-----
Bows           | 5 |  5.3
Fighting       | 3 |  3.3
Stealth        | 2 |  2.1
Dodging        | |  2.1

Action                   |  1- 3 |  4- 6 || total
-------------------------+-------+-------++-------
 Fire: Shortbow          |    73 |    48 ||   121
  Use: Potion            |       |     3 ||     3
Armor: Leather armour    |     7 |       ||     7
       Ring mail         |     2 |     9 ||    11
Dodge: Dodged            |    27 |    11 ||    38

Table legend: (Time is in decaauts)
 A = Elapsed time spent in this place.
 B = Non-inter-level travel time spent in this place.
 C = Inter-level travel time spent in this place.
 D = Time resting spent in this place.
 E = Time spent auto-exploring this place.
 F = Levels seen in this place.
 G = Mean time per level.
                   A        B        C        D        E       F      G
               +--------+--------+--------+--------+--------+-----+--------+
         Total |   2320 |   2250 |     70 |    636 |   1314 |   3 |  773.3 |
       Dungeon |   2320 |   2250 |     70 |    636 |   1314 |   3 |  773.3 |
               +--------+--------+--------+--------+--------+-----+--------+

Top non-repeatable levels by time:
     D:1: 1035 daAuts
     D:2: 932 daAuts
     D:3: 352 daAuts
